 Dungeon Crawl Stone Soup version 0.23.1 (webtiles) character file.

Game seed: 0

101768 esteth the Warrior (level 15, 0/152 HPs)
             Began as a Minotaur Berserker on Mar 9, 2019.
             Was a High Priest of Trog.
             Slain by a spriggan rider
             ... wielding a +0 spear
              (19 damage)
             ... on level 1 of the Swamp.
             The game lasted 01:23:18 (35213 turns).

esteth the Warrior (Minotaur Berserker)            Turns: 35213, Time: 01:23:19

Health: 0/152      AC: 19    Str: 24    XL:     15   Next: 84%
Magic:  14/14      EV: 12    Int:  7    God:    Trog [*****.]
Gold:   213        SH:  5    Dex: 12    Spells: 14/14 levels left

rFire    . . .     SeeInvis .   R - +7 sceptre of Torment {pain, torment}
rCold    . . .     Gourm    .   I - +0 buckler
rNeg     . . .     Faith    .   m - +0 plate armour
rPois    +         Spirit   .   (helmet restricted)
rElec    .         Reflect  .   P - +1 cloak {rPois}
rCorr    .         Harm     .   (no gloves)
MR       +++..     Clarity  +   V - +1 pair of boots {run}
Stlth    ..........             Z - amulet of the acrobat
HPRegen  1.35/turn              K - +3 ring of intelligence
MPRegen  0.14/turn              X - +4 ring of evasion

@: grasped by roots, regenerating, constricted, very slow
A: retaliatory headbutt, horns 2, camouflage 1, clarity, clumsy 1
a: Berserk, Trog's Hand, Brothers in Arms, Renounce Religion


You were on level 1 of the Swamp.
You worshipped Trog.
Trog was extremely pleased with you.
You were hungry.

You visited 4 branches of the dungeon, and saw 24 of its levels.
You also visited: Ossuary.

You collected 2717 gold pieces.
You spent 2504 gold pieces at shops.

Inventory:

Hand Weapons
 f - a +6 dire flail of venom
 t - a +4 scimitar of flaming
 w - a +3 battleaxe of venom
 R - the +7 sceptre of Torment (weapon) {pain, torment}
   (You bought it in a shop on level 2 of the Orcish Mines)

   In the hands of one skilled in necromantic magic, it inflicts extra damage on
   living creatures.
 T - a +4 antimagic broad axe
 U - the +4 battleaxe "Ninwepp" {distort, Int+4}
   (You found it on level 1 of the Swamp)

   It warps and distorts space around it.
   Unwielding it can cause banishment or high damage.
   It affects your intelligence (+4).
Missiles
 b - 11 javelins of penetration
 W - 10 javelins of returning (quivered)
Armour
 m - a +0 plate armour (worn)
 I - a +0 buckler (worn)
 P - a +1 cloak of poison resistance (worn)
 V - a +1 pair of boots of running (worn)
Jewellery
 e - an uncursed ring of positive energy
 K - a +3 ring of intelligence (left hand)
 X - a +4 ring of evasion (right hand)
 Z - an amulet of the acrobat (around neck)
Wands
 k - a wand of iceblast (34)
 r - a wand of flame (35)
 H - a wand of digging (11)
 L - a wand of polymorph (6)
 M - a wand of acid (12)
 N - a wand of disintegration (21)
 S - a wand of paralysis (9)
Scrolls
 l - 4 scrolls of identify
 o - a scroll of random uselessness {unknown}
 q - 16 scrolls of remove curse
 v - a scroll of summoning {unknown}
 x - 5 scrolls of amnesia {unknown}
 y - 5 scrolls of fog {unknown}
 A - 4 scrolls of fear {unknown}
 C - a scroll of noise {unknown}
 D - 3 scrolls of magic mapping {unknown}
 E - 2 scrolls of silence {unknown}
 J - a scroll of enchant weapon {unknown}
 O - 13 scrolls of teleportation
Potions
 a - 2 potions of berserk rage
 d - 6 potions of lignification
 g - 2 potions of flight
 h - 6 potions of agility
 i - 7 potions of brilliance
 n - 3 potions of magic
 p - a potion of resistance {unknown}
 s - a potion of ambrosia
 u - 2 potions of might
 z - 2 potions of invisibility
 B - a potion of curing
 F - a potion of cancellation {unknown}
 G - 2 potions of heal wounds
 Y - a potion of degeneration {unknown}
Miscellaneous
 j - a box of beasts
Comestibles
 c - 25 rations


   Skills:
 - Level 19.4 Fighting
 - Level 18.0(18.2) Axes
 + Level 5.0(13.0) Maces & Flails
 - Level 12.1 Throwing
 - Level 9.3 Armour
 - Level 8.6 Dodging
 - Level 4.0 Shields


You had 14 spell levels left.
You didn't know any spells.
Your spell library was empty.

Dungeon Overview and Level Annotations

Branches:
Dungeon (15/15)            Temple (0/1) D:4            Lair (6/6) D:9
  Swamp (1/4) Lair:4       Spider (0/4) Lair:3        Slime (0/5) Lair:5
    Orc (2/2) D:11            Elf (0/3) Orc:2        Vaults (0/5) D:13
 Depths (0/5) D:15

Altars:
Cheibriados
Gozag
Kikubaaqudgha
Nemelex Xobeh
Okawaru
Ru
Uskayaw
Vehumet
Wu Jian
Xom
Yredelemnul
Beogh
Jiyva

Shops:
D:10 [   D:13 %   D:15 }   Orc:2 [?(*

Annotations:
D:2 1 runed translucent door, Crazy Yiuf
D:11 3 runed translucent doors, dengdeng's ghost, journeyman MiBe
D:14 3 runed translucent doors


Innate Abilities, Weirdness & Mutations

You reflexively headbutt those who attack you in melee.
You have a pair of horns on your head.
Your skin changes colour to match your surroundings (Stealth+).
You possess an exceptional clarity of mind.
You are clumsy. (Dex -2)


Message History

You feel somewhat more hungry. The spriggan rider closely misses you.
The slime creature hits you but does no damage.
You escape the roots' grasp.
You enter the shallow water.
Moving in this stuff is going to be slow.
The spriggan rider misses you.
Roots burst forth from the earth!
The grasping roots grab you!
* * * LOW HITPOINT WARNING * * *
The grasping roots constrict you!
The roots' grasp on you weakens, but your attempt to escape fails.
The slime creature hits you but does no damage.
The spriggan rider hits you from afar with a +0 spear.
* * * LOW HITPOINT WARNING * * *
Okay, then.
You feel much better.
The slime creature hits you but does no damage.
The shambling mangrove hits you.
* * * LOW HITPOINT WARNING * * *
x2 The grasping roots constrict you!
The spriggan rider hits you from afar with a +0 spear!!
You die...

♣≈≈♣≈.♣♣.≈.♣♣≈≈≈.≈.≈≈.≈≈≈≈§ .⌠
♣.≈≈≈♣♣♣.≈.♣♣≈...≈..≈≈♣≈≈≈. ..
♣♣♣.≈≈♣♣ ♣.≈.♣♣♣..≈.≈≈≈.≈≈≈≈. #.
♣...≈≈♣ ♣...♣ ♣....≈≈≈..≈.≈. ♣.
♣♣.###≈♣♣ ♣.≈≈. ♣♣.≈.....≈≈≈≈≈
♣.♣♣..#..♣.♣ ♣..≈♣♣♣≈.≈..≈≈.≈..≈.
♣.♣≈......♣♣♣♣.... ♣♣....≈≈.≈≈≈.≈
!.≈...#....♣♣....♣ ≈≈≈≈≈.§≈≈.≈
♣.....#.....♣♣.♣@♣ ≈≈≈≈≈.≈...(
♣.≈...#.....♣♣§Jf♣ ...≈.≈≈.♣..
♣♣.♣♣.#.....#♣i≈.♣ .♣...♣≈≈..♣
.♣♣♣≈.#.....#♣≈≈.♣ .♣♣♣(.≈≈÷♣♣
..≈...#######..≈≈♣♣ ♣♣....♣♣..)♣
..≈...........≈≈≈.♣ ♣..≈≈....≈.♣
♣≈..♣♣♣....≈..§≈♣.♣♣♣.≈≈≈♣≈.≈≈.♣♣
♣♣.♣♣♣........≈≈≈.♣♣....≈≈≈.≈≈≈.♣
.♣♣♣≈.≈..§.....≈..♣≈..♣....≈≈♣≈.♣


You could see a shambling mangrove, a slime creature and a spriggan rider.

Vanquished Creatures
  Saint Roka (Orc:1)
  A frost giant (D:15)
  A fire dragon (Lair:6)
  Josephine (D:10)
  Harold (D:7)
  8 vault guards (D:13)
  11 hydras
  9 centaur warriors
  2 two-headed ogres
  3 death yaks (Lair:6)
  A tengu warrior (D:14)
  An orc high priest (Orc:1)
  A fire crab (D:14)
  2 unseen horrors
  3 orc knights (Orc:1)
  Pikel (D:5)
  A lindwurm (Orc:1)
  2 manticores
  2 ugly things (D:12)
  Maurice (D:8)
  5 cyclopes
  Joseph (D:8)
  2 centaur zombies
  A guardian serpent (Lair:6)
  10 black mambas
  A black mamba (shapeshifter) (D:14)
  14 spiny frogs
  4 centaur skeletons
  A gargoyle (D:11)
  12 komodo dragons
  3 efreet
  A yaktaur (D:15)
  A rime drake (Lair:6)
  2 ice devils (Lair:6)
  A tengu conjurer (D:14)
  4 jumping spiders
  10 trolls
  A tyrant leech (Swamp:1)
  A polar bear (Lair:6)
  A meliai (shapeshifter) (D:14)
  5 hornets
  4 blink frogs (Swamp:1)
  16 slime creatures
  A bog body (Swamp:1)
  7 dream sheep (Lair:4)
  7 hippogriffs
  Sigmund (D:5)
  A spriggan (Swamp:1)
  9 shadows
  2 vampires
  9 wyverns (Lair:6)
  33 yaks
  A yak (shapeshifter) (D:14)
  4 steam dragons
  6 redbacks
  Eustachio (D:5)
  4 wraiths
  2 hungry ghosts
  6 vampire mosquitoes (D:14)
  Menkaure (D:5)
  A warg (Orc:2)
  2 swamp worms (Swamp:1)
  2 acid dragons
  22 water moccasins
  A soldier ant (D:9)
  2 swamp drakes
  9 porcupines
  4 black bears
  43 orc warriors
  4 ice beasts
  2 phantoms
  4 sky beasts
  19 ogres
  An eye of draining (D:12)
  4 wolves
  15 centaurs
  21 crocodiles
  5 big kobolds
  22 bullfrogs
  Blork the orc (D:6)
  A gnoll sergeant (D:11)
  5 scorpions
  20 killer bees
  9 wights
  3 electric eels (Lair:3)
  2 vampire bats (Lair:3)
  9 jellies
  3 howler monkeys
  3 crimson imps
  2 bullfrog zombies
  8 hounds
  A wyvern simulacrum (D:14)
  A quasit (D:10)
  17 orc priests
  35 orc wizards
  6 iguanas
  12 worker ants
  2 big kobold zombies (Ossuary)
  4 hound zombies
  A hound skeleton (D:6)
  8 mummies (Ossuary)
  A worker ant zombie (D:8)
  A howler monkey zombie (D:5)
  9 gnolls
  9 adders
  5 shadow imps
  10 oozes
  5 worms
  A worm (shapeshifter) (D:15)
  3 dart slugs
  7 leopard geckos
  115 orcs
  6 giant cockroaches
  2 gnoll zombies (Ossuary)
  37 goblins
  30 hobgoblins
  13 kobolds
  A quokka (D:4)
  13 bats
  4 frilled lizards
  2 hobgoblin zombies (Ossuary)
  2 kobold zombies (Ossuary)
  8 rats
  5 plants (Lair:6)
874 creatures vanquished.

Vanquished Creatures (collateral kills)
  Nessos (Orc:2)
  4 hydras
  Erica (D:10)
  A catoblepas (Lair:2)
  An orc high priest (Orc:1)
  A swamp dragon (Lair:6)
  A wolf spider (Lair:6)
  A black mamba (Lair:6)
  A torpor snail (Lair:5)
  A rime drake (Lair:6)
  2 komodo dragons (Lair:5)
  A jumping spider (Lair:3)
  A hippogriff (Lair:5)
  2 yaks (Lair:5)
  3 water moccasins
  5 orc warriors
  An ogre (Orc:1)
  2 centaurs (Orc:2)
  A crocodile (Lair:6)
  3 big kobolds (D:11)
  A bullfrog (Lair:5)
  A gnoll sergeant (D:11)
  A scorpion (D:10)
  A killer bee (D:9)
  2 electric eels (D:6)
  2 jellies (D:9)
  2 orc priests (Orc:1)
  4 gnolls (D:11)
  9 orcs
57 creatures vanquished.

Vanquished Creatures (others)
  3 slime creatures
  A hound skeleton (D:7)
  3 orcs (Orc:2)
  17 fungi
  22 plants
  8 toadstools (D:4)
54 creatures vanquished.

Grand Total: 985 creatures vanquished

Notes
Turn   | Place    | Note
-------+----------+-------------------------------------------
     0 | D:1      | esteth the Minotaur Berserker began the quest for the Orb.
     0 | D:1      | Reached XP level 1. HP: 19/19 MP: 0/0
   372 | D:1      | Reached skill level 4 in Fighting
   393 | D:1      | Reached XP level 2. HP: 21/27 MP: 1/1
  1312 | D:2      | Reached XP level 3. HP: 16/34 MP: 2/2
  1689 | D:2      | Reached ** piety under Trog
  1864 | D:2      | Found a runed translucent door.
  1865 | D:2      | Noticed Crazy Yiuf
  2226 | D:2      | Reached XP level 4. HP: 39/41 MP: 3/3
  2529 | D:3      | Reached skill level 5 in Axes
  2612 | D:3      | Reached skill level 5 in Fighting
  3499 | D:3      | Reached XP level 5. HP: 35/48 MP: 4/4
  3796 | D:4      | Reached skill level 6 in Fighting
  3863 | D:4      | Reached *** piety under Trog
  3863 | D:4      | Reached XP level 6. HP: 54/57 MP: 5/5
  3896 | D:4      | Found a staircase to the Ecumenical Temple.
  4086 | D:4      | Noticed an ice beast
  4092 | D:4      | Killed an ice beast
  4092 | D:4      | Reached skill level 7 in Fighting
  4348 | D:4      | Reached XP level 7. HP: 33/66 MP: 6/6
  5196 | D:5      | Entered Level 5 of the Dungeon
  5196 | D:5      | Noticed Sigmund
  5204 | D:5      | Killed Sigmund
  5204 | D:5      | Reached skill level 8 in Fighting
  5328 | D:5      | Reached XP level 8. HP: 42/75 MP: 7/7
  5470 | D:5      | Noticed Eustachio
  5488 | D:5      | Killed Eustachio
  5488 | D:5      | Reached skill level 9 in Fighting
  5612 | D:5      | Found a sand-covered staircase.
  5619 | Ossuary  | Entered an ossuary
  5644 | Ossuary  | Reached **** piety under Trog
  6212 | D:5      | Noticed Menkaure
  6215 | D:5      | Killed Menkaure
  6267 | D:5      | Found a sacrificial altar of Ru.
  6284 | D:5      | Noticed Pikel
  6324 | D:5      | Killed Pikel
  6324 | D:5      | Reached skill level 10 in Fighting
  6324 | D:5      | Reached skill level 10 in Axes
  6945 | D:6      | Reached XP level 9. HP: 86/86 MP: 8/8
  7110 | D:6      | Reached ***** piety under Trog
  7127 | D:6      | Reached skill level 11 in Fighting
  7167 | D:6      | Noticed Blork the orc
  7174 | D:6      | Killed Blork the orc
  8298 | D:6      | Received a gift from Trog
  8299 | D:6      | Got a translucent hunting sling {god gift}
  8323 | D:6      | Identified the +2 hunting sling of the Tooth {flame,
                  | *Contam rF+ rN+++} (Trog gifted it to you on level 6 of the
                  | Dungeon)
  8344 | D:6      | Gained mutation: Your body sometimes deteriorates upon
                  | taking damage. [mutagenic glow]
  8924 | D:7      | Noticed Harold
  8946 | D:7      | Killed Harold
  8946 | D:7      | Reached skill level 12 in Fighting
  9136 | D:7      | Reached XP level 10. HP: 99/99 MP: 9/9
  9226 | D:7      | Found a sacrificial altar of Ru.
  9954 | D:8      | Noticed Joseph
  9974 | D:8      | Killed Joseph
 10168 | D:8      | Found an ancient bone altar of Kikubaaqudgha.
 10168 | D:8      | Found a hide-covered altar of Uskayaw.
 10169 | D:8      | Found an iron altar of Okawaru.
 10413 | D:8      | Found a radiant altar of Vehumet.
 10461 | D:8      | Noticed Maurice
 10500 | D:8      | Killed Maurice
 10500 | D:8      | Reached skill level 13 in Fighting
 10588 | D:8      | Found a shimmering altar of Xom.
 10588 | D:8      | Found a sparkling altar of Nemelex Xobeh.
 10590 | D:8      | Found an opulent altar of Gozag.
 10970 | D:9      | Found an ornate altar of the Wu Jian Council.
 11359 | D:9      | Found a staircase to the Lair.
 11990 | D:10     | Entered Level 10 of the Dungeon
 11994 | D:10     | Reached skill level 14 in Fighting
 12195 | D:10     | Reached XP level 11. HP: 45/110 MP: 10/10
 12986 | D:10     | Noticed Erica
 13009 | D:10     | Killed Erica
 13211 | D:10     | Found Raorrac's Armour Boutique.
 13407 | D:10     | Bought a +1 pair of boots of running for 584 gold pieces
 13654 | D:11     | Noticed Josephine
 13968 | D:10     | Killed Josephine
 13968 | D:10     | Reached skill level 5 in Armour
 14138 | D:11     | Found a runed translucent gate.
 14138 | D:11     | Found a runed translucent gate.
 14138 | D:11     | Found a runed translucent gate.
 14140 | D:11     | Noticed a ten-headed hydra
 14140 | D:11     | Noticed dengdeng's ghost (journeyman MiBe)
 14200 | D:11     | Reached skill level 5 in Dodging
 14201 | D:11     | Lost mutation: Your body sometimes deteriorates upon taking
                  | damage. [potion of mutation]
 14201 | D:11     | Gained mutation: You are clumsy. (Dex -2) [potion of
                  | mutation]
 14201 | D:11     | Gained mutation: You possess an exceptional clarity of
                  | mind. [potion of mutation]
 14201 | D:11     | Gained mutation: Your skin changes colour to match your
                  | surroundings (Stealth+). [potion of mutation]
 14599 | D:11     | Found a staircase to the Orcish Mines.
 15475 | D:11     | Received a gift from Trog
 15875 | D:12     | Reached XP level 12. HP: 116/118 MP: 11/11
 15883 | D:12     | Reached skill level 15 in Axes
 15888 | D:12     | Reached skill level 15 in Fighting
 16101 | D:12     | Found a shimmering altar of Xom.
 16137 | D:12     | Found a shimmering altar of Xom.
 16411 | D:12     | Found a shimmering altar of Xom.
 16529 | Lair:1   | Entered Level 1 of the Lair of Beasts
 17833 | Lair:2   | Noticed a catoblepas
 17854 | Lair:2   | Killed a catoblepas
 17854 | Lair:2   | Received a gift from Trog
 18291 | Lair:2   | Reached skill level 1 in Throwing
 18350 | Lair:2   | Noticed a six-headed hydra
 18360 | Lair:2   | Killed a seven-headed hydra
 18832 | Lair:3   | Found a hole to the Spider Nest.
 18844 | Lair:3   | HP: 6/121 [jumping spider (1)]
 19881 | Lair:3   | Noticed a five-headed hydra
 19966 | Lair:3   | Killed a five-headed hydra
 20354 | Lair:3   | Noticed an eight-headed hydra
 20363 | Lair:3   | Killed a 12-headed hydra
 21172 | Lair:4   | Reached XP level 13. HP: 127/127 MP: 12/12
 21672 | Lair:4   | Found a staircase to the Swamp.
 21713 | Lair:4   | Reached skill level 5 in Throwing
 22355 | Lair:5   | Reached skill level 16 in Fighting
 22904 | Lair:5   | Found a staircase to the Slime Pits.
 22904 | Lair:5   | Found a viscous altar of Jiyva.
 23683 | Lair:6   | Entered Level 6 of the Lair of Beasts
 23713 | Lair:5   | Received a gift from Trog
 24812 | Lair:6   | Reached skill level 17 in Fighting
 24851 | Lair:6   | Reached XP level 14. HP: 91/140 MP: 4/13
 25022 | Lair:6   | HP: 3/140 [wolf spider (8)]
 25030 | Lair:6   | Received a gift from Trog
 26722 | D:13     | Received a gift from Trog
 26974 | D:13     | Found a gate to the Vaults.
 27198 | D:13     | Found Xediem Xont's Food Emporium.
 27685 | D:14     | Reached skill level 18 in Fighting
 27713 | D:14     | Reached skill level 10 in Throwing
 28419 | D:14     | Found a runed translucent door.
 28422 | D:14     | Found a runed translucent door.
 28424 | D:14     | Found a runed translucent door.
 28424 | D:14     | Noticed a frost giant
 28477 | D:14     | Reached XP level 15. HP: 72/150 MP: 4/14
 28810 | D:14     | Received a gift from Trog
 29529 | D:14     | Got a scintillating copper amulet
 29530 | D:14     | Identified the amulet "Negemmig" {Harm *Drain +Inv rPois
                  | rC-} (You found it on level 14 of the Dungeon)
 29538 | D:14     | Got a bloodstained mace
 29539 | D:14     | Identified the cursed +2 mace of Baengep {crush, Stlth+}
                  | (You found it on level 14 of the Dungeon)
 29696 | D:15     | Entered Level 15 of the Dungeon
 29907 | D:15     | Found a basalt altar of Yredelemnul.
 29940 | D:15     | Found Boll's Gadget Shoppe.
 29955 | D:15     | Received a gift from Trog
 30301 | D:15     | Found a staircase to the Depths.
 30301 | D:15     | Noticed a frost giant
 30308 | D:15     | Killed a frost giant
 30427 | D:15     | Found a snail-covered altar of Cheibriados.
 30513 | D:15     | Reached skill level 1 in Shields
 30712 | Orc:1    | Entered Level 1 of the Orcish Mines
 30822 | Orc:1    | Found a roughly hewn altar of Beogh.
 30997 | Orc:1    | Found a dark tunnel.
 31082 | Orc:2    | Entered Level 2 of the Orcish Mines
 31096 | Orc:1    | Reached skill level 19 in Fighting
 31276 | Orc:2    | Found a staircase to the Elven Halls.
 31508 | Orc:2    | Noticed Saint Roka
 31754 | Orc:2    | Received a gift from Trog
 33158 | Orc:2    | Noticed Nessos
 33168 | Orc:2    | Killed Nessos
 33914 | Orc:1    | Killed Saint Roka
 34169 | Orc:2    | Found Cunit's Weapon Boutique.
 34169 | Orc:2    | Found Akaru's Magic Scroll Shoppe.
 34171 | Orc:2    | Found Ifuci's Antique Armour Emporium.
 34173 | Orc:2    | Found Ratan's Assorted Antiques.
 34189 | Orc:2    | Bought the +7 sceptre of Torment {pain, torment} for 1920
                  | gold pieces
 34189 | Orc:2    | Found the +7 sceptre of Torment {pain, torment}
 34428 | Swamp:1  | Entered Level 1 of the Swamp
 34449 | Swamp:1  | Reached skill level 1 in Maces & Flails
 35152 | Swamp:1  | Got an ichor-stained battleaxe
 35153 | Swamp:1  | Identified the +4 battleaxe "Ninwepp" {distort, Int+4} (You
                  | found it on level 1 of the Swamp)
 35209 | Swamp:1  | Reached skill level 5 in Maces & Flails
 35213 | Swamp:1  | Slain by a spriggan rider

Skill      XL: |  1  2  3  4  5  6  7  8  9 10 11 12 13 14 15 |
---------------+----------------------------------------------+-----
Fighting       | 4 5 6 7 8 10 12 14 15 17 18 19 | 19.4
Axes           | 4 5 6 7 8 10 12 14 15 16 18 | 18.0
Armour         | 3 6 9 |  9.3
Dodging        | 6 8 |  8.6
Throwing       | 3 8 10 12 | 12.1
Shields        | 4 |  4.0
Maces & Flails | 5 |  5.0

Action                   |  1- 3 |  4- 6 |  7- 9 | 10-12 | 13-15 || total
-------------------------+-------+-------+-------+-------+-------++-------
Melee: Hand axe          |   105 |   132 |   119 |       |     4 ||   360
       Headbutt          |    14 |    31 |    71 |   159 |   273 ||   548
       Whip              |       |       |   218 |   156 |       ||   374
       Halberd           |       |       |       |   625 |   137 ||   762
       Broad axe         |       |       |       |       |   912 ||   912
       Scimitar          |       |       |       |       |    25 ||    25
       Eveningstar       |       |       |       |       |    65 ||    65
Throw: Tomahawk          |       |       |     2 |       |       ||     2
       Javelin           |       |       |       |    30 |    13 ||    43
Invok: Berserk           |       |     1 |     5 |     4 |     7 ||    17
       Trog's Hand       |       |     1 |     3 |     5 |    10 ||    19
       Brothers in Arms  |       |       |     2 |     9 |    10 ||    21
Evoke: Box of beasts     |       |       |       |       |     1 ||     1
  Use: Scroll            |     2 |       |     4 |    11 |    11 ||    28
       Potion            |       |       |     1 |    15 |    12 ||    28
 Stab: Distracted        |       |       |       |       |     1 ||     1
  Eat: Chunk             |     4 |     8 |    15 |    32 |    40 ||    99
       Ration            |       |       |     2 |     5 |     5 ||    12
Armor: Animal skin       |     5 |       |       |       |       ||     5
       Ring mail         |    35 |    42 |    86 |   120 |       ||   283
       Plate armour      |       |       |       |   397 |   592 ||   989
Dodge: Dodged            |    61 |    73 |   138 |   545 |   909 ||  1726
Block: Buckler           |       |       |       |       |   120 ||   120
       Rpst.: Scimitar   |       |       |       |       |     6 ||     6
